[Event "Kragero Resort Title 2024"]
[Site "Kragero"]
[Date "2024.02.23"]
[Round "5.28"]
[White "Fiskaaen, Martin Holten"]
[Black "Xu, Yuanyuan"]
[Result "0-1"]
[ECO "A62"]
[WhiteElo "2154"]
[BlackElo "2292"]
[Annotator "RC"]
[PlyCount "82"]
[EventDate "2024.02.21"]
[EventType "swiss"]
[EventCountry "NOR"]
[SourceTitle "playchess.com"]
[Source "ChessBase"]
[SourceQuality "1"]
[TimeControl "5400+30"]

1. d4 Nf6 2. c4 e6 3. g3 c5 4. d5 exd5 5. cxd5 d6 6. Nc3 g6 7. Bg2 Bg7 8. Nf3 O-O 9. O-O Re8 10. Bf4 Bf5 11. Nh4 Bg4 12. Qd2 Nh5 13. Bg5 Qd7 14. e4 Bh3 15. Rfe1 Bxg2 16. Kxg2 b5 17. Qc2 Na6 18. Rad1 c4 19. a3 Nc5 20. Nf3 a5 21. Re2 b4 22. Nb1 Nd3 23. b3 Nhf4+ 24. Bxf4 Nxf4+ 25. gxf4 Qg4+ 26. Kf1 Qxf3 27. Re3 cxb3 28. Qxb3 Qxf4 29. axb4 Rxe4 30. Rxe4 Qxe4 31. bxa5 Re8 32. Kg1 Bd4 33. Qd3 Qxd5 34. Nc3 Re1+ 35. Rxe1 Bxf2+ 36. Kxf2 Qxd3 37. Re8+ Kg7 38. Ne4 d5 39. Nd6 Qd2+ 40. Kg1 Qg5+ 41. Kh1 Qf4 0-1

[Event "Kragero Resort Title 2024"]
[Site "Kragero"]
[Date "2024.02.23"]
[Round "5.29"]
[White "Adamovics, Aleksejs"]
[Black "Vingris, Mikelis"]
[Result "1-0"]
[ECO "A33"]
[WhiteElo "2100"]
[BlackElo "2256"]
[Annotator "RC"]
[PlyCount "135"]
[EventDate "2024.02.21"]
[EventType "swiss"]
[EventCountry "NOR"]
[SourceTitle "playchess.com"]
[Source "ChessBase"]
[SourceQuality "1"]
[TimeControl "5400+30"]

1. c4 c5 2. Nf3 Nc6 3. d4 cxd4 4. Nxd4 e6 5. Nc3 Bb4 6. Ndb5 Nf6 7. Nd6+ Ke7 8. Bf4 e5 9. Nxc8+ Rxc8 10. Bd2 d6 11. e3 Re8 12. Be2 Kf8 13. O-O Qb6 14. Na4 Qc7 15. Bxb4 Nxb4 16. Nc3 a6 17. Rc1 Qd7 18. Qd2 Rcd8 19. Rfd1 Nc6 20. Nd5 Nxd5 21. Qxd5 Ne7 22. Qe4 f5 23. Qc2 g6 24. Qc3 Qc7 25. Bf3 b6 26. h4 Ng8 27. Rd2 Nf6 28. Rcd1 a5 29. Qa3 Ke7 30. b4 axb4 31. Qxb4 Qc5 32. Qa4 e4 33. Be2 Ra8 34. Qb3 Rad8 35. Rb1 Rb8 36. Qc2 Rec8 37. Qd1 Rc6 38. Qa4 Rc7 39. Rb5 Qc6 40. Qb4 Rd7 41. Bd1 Kf7 42. a4 Rbb7 43. Be2 Kg7 44. Qb3 Qc7 45. Rb2 d5 46. c5 d4 47. exd4 Nd5 48. Bc4 Nf6 49. Rxb6 Rxb6 50. cxb6 Qb8 51. Qc3 Ng4 52. Qg3 Qc8 53. Bf1 Qc1 54. b7 Qxb2 55. b8=Q Qxd4 56. Qbb3 e3 57. fxe3 Qd2 58. Qb5 Re7 59. Qd3 Qa5 60. Qd4+ Ne5 61. Qd6 Kf7 62. Qf4 Re6 63. Qdb4 Qd5 64. Qfd4 Qa2 65. Qb7+ Kf8 66. Qd8+ Re8 67. Qd6+ Kg8 68. Qdd5+ 1-0

[Event "Kragero Resort Title 2024"]
[Site "Kragero"]
[Date "2024.02.23"]
[Round "5.30"]
[White "Bazilius, Augustinas"]
[Black "Ostensen, Nicolai Maxime"]
[Result "0-1"]
[ECO "B32"]
[WhiteElo "2030"]
[BlackElo "2228"]
[Annotator "RC"]
[PlyCount "124"]
[EventDate "2024.02.21"]
[EventType "swiss"]
[EventCountry "NOR"]
[SourceTitle "playchess.com"]
[Source "ChessBase"]
[SourceQuality "1"]
[TimeControl "5400+30"]

1. e4 c5 2. Nf3 Nc6 3. d4 cxd4 4. Nxd4 e5 5. Nb5 d6 6. c4 Be6 7. Bd3 g6 8. O-O a6 9. N5c3 Bg7 10. Nd5 Nf6 11. Nbc3 Nd7 12. b4 O-O 13. Ba3 Nd4 14. c5 Nf6 15. Nb6 Rb8 16. Bc4 Nxe4 17. Nxe4 Bxc4 18. Nxc4 d5 19. Ned6 dxc4 20. Nxc4 Qd5 21. Nd6 Rfd8 22. Re1 f5 23. Bb2 b6 24. Bxd4 exd4 25. Rc1 bxc5 26. bxc5 Bf8 27. Qa4 Bxd6 28. cxd6 d3 29. Rc7 d2 30. Rd1 Qxd6 31. Qc4+ Qd5 32. Qh4 Rd7 33. Rxd7 Qxd7 34. Qc4+ Qf7 35. Qxa6 Qd5 36. Qe2 Qxa2 37. h4 Rd8 38. h5 Qd5 39. h6 g5 40. Qa6 Kf7 41. Qa1 Qd4 42. Qa2+ Kg6 43. Qe6+ Qf6 44. Qe3 Qd6 45. Qh3 Qd3 46. Qxd3 Rxd3 47. Kf1 Kxh6 48. Ke2 Rd6 49. Rxd2 Rxd2+ 50. Kxd2 Kh5 51. Ke3 Kg4 52. Ke2 h5 53. Kf1 Kf4 54. Kg1 Ke4 55. Kh2 f4 56. f3+ Ke3 57. Kg1 Ke2 58. Kh2 g4 59. fxg4 hxg4 60. g3 f3 61. Kg1 f2+ 62. Kh2 Ke1 0-1

[Event "Kragero Resort Title 2024"]
[Site "Kragero"]
[Date "2024.02.23"]
[Round "5.31"]
[White "Ter-Avetisjana, Agnesa Stepania"]
[Black "Westrum, Kim Roger Hansen"]
[Result "1-0"]
[ECO "E14"]
[WhiteElo "2047"]
[BlackElo "2226"]
[Annotator "RC"]
[PlyCount "69"]
[EventDate "2024.02.21"]
[EventType "swiss"]
[EventCountry "NOR"]
[SourceTitle "playchess.com"]
[Source "ChessBase"]
[SourceQuality "1"]
[TimeControl "5400+30"]

1. d4 Nf6 2. Nf3 e6 3. e3 b6 4. Bd3 Bb7 5. O-O Ne4 6. c4 f5 7. Ne1 Bd6 8. Qe2 O-O 9. f4 c5 10. Nc3 Nxc3 11. bxc3 Nc6 12. Nf3 Na5 13. Nd2 Qc7 14. Nb3 Nc6 15. Bd2 Rf6 16. a4 a5 17. Ra2 Raf8 18. Na1 Rg6 19. Rf2 Be7 20. d5 Nd8 21. e4 fxe4 22. Bxe4 Rgf6 23. Nc2 Nf7 24. Na3 Nd6 25. Nb5 Nxb5 26. axb5 Bd6 27. g3 g6 28. Be3 e5 29. f5 gxf5 30. Rxf5 Rxf5 31. Qg4+ Kh8 32. Bxf5 Rf7 33. Qh5 Kg8 34. Rf2 Qd8 35. Be6 1-0

[Event "Kragero Resort Title 2024"]
[Site "Kragero"]
[Date "2024.02.23"]
[Round "5.32"]
[White "Hestholm, Gustav"]
[Black "Moen, Ole Christian"]
[Result "1-0"]
[ECO "C79"]
[WhiteElo "1942"]
[BlackElo "2208"]
[Annotator "RC"]
[PlyCount "102"]
[EventDate "2024.02.21"]
[EventType "swiss"]
[EventCountry "NOR"]
[SourceTitle "playchess.com"]
[Source "ChessBase"]
[SourceQuality "1"]
[TimeControl "5400+30"]

1. e4 e5 2. Nf3 Nc6 3. Bb5 a6 4. Ba4 d6 5. O-O Bd7 6. d4 Nf6 7. d5 Nb8 8. Bxd7+ Nbxd7 9. Re1 g6 10. c4 a5 11. Nc3 Bg7 12. Qc2 O-O 13. Rb1 Nc5 14. b3 Qd7 15. Be3 b6 16. a3 a4 17. b4 Nb3 18. Nd2 Nd4 19. Bxd4 exd4 20. Nb5 Rae8 21. Nf3 Nh5 22. Nfxd4 Nf4 23. Ne2 Nxe2+ 24. Rxe2 c6 25. dxc6 Qxc6 26. Rd1 Re6 27. f3 Rd8 28. Qxa4 f5 29. Qc2 Rde8 30. Rde1 fxe4 31. fxe4 h5 32. Qd3 Rc8 33. Rc2 Rce8 34. Qd5 Qxd5 35. cxd5 Rxe4 36. Rxe4 Rxe4 37. Rc8+ Kh7 38. Rc7 Kh6 39. Nxd6 Bd4+ 40. Kf1 Rf4+ 41. Ke1 h4 42. Nf7+ Kh5 43. d6 Bf6 44. d7 Re4+ 45. Kf1 Rf4+ 46. Ke2 Re4+ 47. Kf3 Rd4 48. Rc6 Be7 49. Rc8 g5 50. d8=Q Bxd8 51. Nxd8 Rf4+ 1-0

[Event "Kragero Resort Title 2024"]
[Site "Kragero"]
[Date "2024.02.23"]
[Round "5.33"]
[White "Christensen, Jan Schleicher"]
[Black "Elsness, Fredrik Valstad"]
[Result "1-0"]
[ECO "D00"]
[WhiteElo "2182"]
[BlackElo "1783"]
[Annotator "RC"]
[PlyCount "25"]
[EventDate "2024.02.21"]
[EventType "swiss"]
[EventCountry "NOR"]
[SourceTitle "playchess.com"]
[Source "ChessBase"]
[SourceQuality "1"]
[TimeControl "5400+30"]

1. d4 Nf6 2. Nf3 g6 3. Nc3 d5 4. Bf4 Bg7 5. e3 O-O 6. Be2 c5 7. dxc5 Qa5 8. Nd2 Ne4 9. Ncxe4 dxe4 10. c3 Rd8 11. Qc2 Bf5 12. b4 Qa3 13. Nb1 1-0

[Event "Kragero Resort Title 2024"]
[Site "Kragero"]
[Date "2024.02.23"]
[Round "5.34"]
[White "Berget, Eirik"]
[Black "Poysti, Nathanael"]
[Result "0-1"]
[ECO "B15"]
[WhiteElo "1960"]
[BlackElo "2182"]
[Annotator "RC"]
[PlyCount "122"]
[EventDate "2024.02.21"]
[EventType "swiss"]
[EventCountry "NOR"]
[SourceTitle "playchess.com"]
[Source "ChessBase"]
[SourceQuality "1"]
[TimeControl "5400+30"]

1. e4 c6 2. d4 d5 3. Nc3 dxe4 4. Nxe4 Nf6 5. Nxf6+ exf6 6. Nf3 Bd6 7. Bd3 O-O 8. O-O Bg4 9. h3 Bh5 10. Re1 Nd7 11. c4 c5 12. g4 Bg6 13. Bxg6 hxg6 14. Be3 Qc7 15. Qc2 Rac8 16. Rad1 Rfd8 17. b3 cxd4 18. Rxd4 Bc5 19. Bf4 Qb6 20. Rd5 Nf8 21. Red1 Ne6 22. Rxd8+ Rxd8 23. Rxd8+ Qxd8 24. Qd2 Qc8 25. Be3 Qc6 26. Qd5 Bxe3 27. Qxc6 Bxf2+ 28. Kxf2 bxc6 29. Ke3 Kf8 30. b4 Ke7 31. Ke4 Kd6 32. h4 Nf8 33. c5+ Kd7 34. Nd2 Ke6 35. Nb3 f5+ 36. gxf5+ gxf5+ 37. Kf4 Ng6+ 38. Kg5 Ne7 39. a4 f6+ 40. Kh5 a6 41. b5 cxb5 42. axb5 axb5 43. Nd4+ Kd5 44. Nxb5 Kxc5 45. Nc7 g6+ 46. Kh6 Kd6 47. Ne8+ Ke5 48. Kg7 f4 49. Nxf6 f3 50. Kf7 Nd5 51. Ng4+ Kf5 52. Nf2 Nf4 53. Kg7 Ng2 54. h5 gxh5 55. Kh6 Nf4 56. Nh1 h4 57. Nf2 h3 58. Nh1 h2 59. Nf2 Nh3 60. Nh1 f2 61. Kh5 Kf4 0-1

[Event "Kragero Resort Title 2024"]
[Site "Kragero"]
[Date "2024.02.23"]
[Round "5.35"]
[White "Tashkinova, Sofiia"]
[Black "Aayush Bhattacherjee"]
[Result "1-0"]
[ECO "B00"]
[WhiteElo "2016"]
[BlackElo "2410"]
[Annotator "RC"]
[PlyCount "57"]
[EventDate "2024.02.21"]
[EventType "swiss"]
[EventCountry "NOR"]
[SourceTitle "playchess.com"]
[Source "ChessBase"]
[SourceQuality "1"]
[TimeControl "5400+30"]

1. e4 b6 2. Nc3 Bb7 3. d4 d6 4. Be3 g6 5. Qd2 Bg7 6. f3 e6 7. h4 h5 8. Bg5 Bf6 9. Nh3 Nc6 10. Bb5 a6 11. Bxc6+ Bxc6 12. d5 Bxg5 13. Nxg5 Bd7 14. dxe6 fxe6 15. e5 dxe5 16. O-O-O Nf6 17. Qd3 Rg8 18. Nce4 Nd5 19. c4 c6 20. cxd5 cxd5 21. Nd6+ Ke7 22. Ndf7 Qc7+ 23. Kb1 Rg7 24. Rc1 Qb8 25. Qa3+ Kf6 26. Nd6 b5 27. Rc8 Qxc8 28. Nxc8 Rxc8 29. Re1 1-0

[Event "Kragero Resort Title 2024"]
[Site "Kragero"]
[Date "2024.02.23"]
[Round "5.36"]
[White "Olde, Margareth"]
[Black "Persson, Sebastian"]
[Result "1-0"]
[ECO "D30"]
[WhiteElo "2179"]
[BlackElo "2024"]
[Annotator "RC"]
[PlyCount "65"]
[EventDate "2024.02.21"]
[EventType "swiss"]
[EventCountry "NOR"]
[SourceTitle "playchess.com"]
[Source "ChessBase"]
[SourceQuality "1"]
[TimeControl "5400+30"]

1. d4 d5 2. Nf3 Nf6 3. c4 c6 4. e3 e6 5. Nbd2 Be7 6. Bd3 O-O 7. O-O dxc4 8. Nxc4 b5 9. Nce5 Bb7 10. b3 Nbd7 11. Bb2 Rc8 12. Qe2 a6 13. Rfd1 Qb6 14. Rac1 h6 15. Bb1 Nxe5 16. dxe5 Nd5 17. h4 c5 18. h5 Rfd8 19. Nh2 f5 20. exf6 Bxf6 21. Ng4 Bxb2 22. Qxb2 c4 23. Qc2 Ne7 24. Qh7+ Kf8 25. Ne5 Qc7 26. f4 c3 27. Qh8+ Ng8 28. Bh7 Rd2 29. Rxd2 cxd2 30. Qxg8+ Ke7 31. Rxc7+ Rxc7 32. Qf7+ Kd6 33. Qf8+ 1-0

[Event "Kragero Resort Title 2024"]
[Site "Kragero"]
[Date "2024.02.23"]
[Round "5.37"]
[White "Gasland, Lukas Dominik"]
[Black "Myagmarsuren, Evsuld"]
[Result "0-1"]
[ECO "D45"]
[WhiteElo "1866"]
[BlackElo "2142"]
[Annotator "NA RC"]
[PlyCount "75"]
[EventDate "2024.02.21"]
[EventType "swiss"]
[EventCountry "NOR"]
[SourceTitle "playchess.com"]
[Source "ChessBase"]
[SourceQuality "1"]
[TimeControl "5400+30"]

1. d4 d5 2. c4 e6 3. Nf3 Nf6 4. Nc3 c6 5. e3 Nbd7 6. Be2 dxc4 7. a4 Bb4 8. Bxc4 O-O 9. O-O Qe7 10. h3 e5 11. Qc2 e4 12. Ng5 Bxc3 13. bxc3 h6 14. Nxf7 Rxf7 15. Ba3 Qe8 16. Bxf7+ Qxf7 17. f3 exf3 18. Rxf3 Nb6 19. e4 Qg6 20. Qb3+ Kh7 21. e5 Ne4 22. Bc1 Be6 23. Qc2 Nc4 24. Rb1 Rb8 25. Kh2 b5 26. axb5 cxb5 27. Ra1 a5 28. Qe2 a4 29. Ba3 Ncd2 30. Re3 Rb7 31. d5 Bxd5 32. Qg4 Qxg4 33. hxg4 Nc4 34. Rd3 Nxa3 35. Rxa3 Bc4 36. Rd4 Nc5 37. Kg3 Re7 38. Ra1 0-1

[Event "Kragero Resort Title 2024"]
[Site "Kragero"]
[Date "2024.02.23"]
[Round "5.38"]
[White "Hoiberg, Nina"]
[Black "Platonovs, Nikolajs"]
[Result "1/2-1/2"]
[ECO "B51"]
[WhiteElo "2133"]
[BlackElo "1995"]
[Annotator "ChessBase"]
[PlyCount "101"]
[EventDate "2024.02.21"]
[EventType "swiss"]
[EventCountry "NOR"]
[SourceTitle "playchess.com"]
[Source "ChessBase"]
[SourceQuality "1"]
[TimeControl "5400+30"]

1. e4 c5 2. Nf3 d6 3. d4 cxd4 4. Qxd4 Nf6 5. Nc3 Nbd7 6. Bb5 e6 7. Bg5 Be7 8. O-O-O a6 9. Bxd7+ Qxd7 10. e5 dxe5 11. Qc4 Qc6 12. Qxc6+ bxc6 13. Nxe5 c5 14. Nc6 Bb7 15. Nxe7 Kxe7 16. f3 h6 17. Be3 Rac8 18. Na4 c4 19. Nc5 Nd5 20. Bd4 Bc6 21. Nxa6 Ra8 22. Nb4 Nxb4 23. Bc5+ Kf6 24. Bxb4 Rxa2 25. Kb1 Ra4 26. Bc3+ Kg6 27. Kc1 Bd5 28. Kd2 h5 29. Ke3 f6 30. Rhe1 h4 31. Rd4 Kf7 32. h3 Raa8 33. Rdd1 Ra6 34. Kf4 g5+ 35. Ke3 Rg8 36. Kf2 f5 37. Rd4 Raa8 38. g3 hxg3+ 39. Kxg3 Rg6 40. Re2 Ra1 41. Re1 Rxe1 42. Bxe1 Rg8 43. Bc3 Kg6 44. Rd1 Kh5 45. Ra1 Ra8 46. Rxa8 Bxa8 47. b4 cxb3 48. cxb3 f4+ 49. Kf2 Kg6 50. b4 Bc6 51. Bd4 1/2-1/2

[Event "Kragero Resort Title 2024"]
[Site "Kragero"]
[Date "2024.02.23"]
[Round "5.39"]
[White "Brodtkorb, Lars Johan"]
[Black "Solbu, Lasse Tveter"]
[Result "1-0"]
[ECO "A96"]
[WhiteElo "2088"]
[BlackElo "1896"]
[Annotator "NA RC"]
[PlyCount "131"]
[EventDate "2024.02.21"]
[EventType "swiss"]
[EventCountry "NOR"]
[SourceTitle "playchess.com"]
[Source "ChessBase"]
[SourceQuality "1"]
[TimeControl "5400+30"]

1. Nf3 f5 2. g3 Nf6 3. Bg2 d6 4. d4 e6 5. O-O Be7 6. c4 O-O 7. b4 a5 8. b5 Ne4 9. Bb2 a4 10. Nfd2 d5 11. a3 c6 12. e3 cxb5 13. Nxe4 fxe4 14. cxb5 Nd7 15. Nc3 Nb6 16. Qc2 Bd7 17. Rfb1 Qe8 18. Bf1 Bd6 19. Ra2 Qg6 20. Qd1 Qf5 21. Bc1 Be8 22. Qe1 Bh5 23. Ne2 Bf3 24. Bd2 Rf6 25. Bb4 Rh6 26. Bxd6 Nc4 27. Be5 Rf8 28. Qb4 Qh5 29. h3 Qg4 30. Kh2 Nxe3 31. fxe3 Bxe2 32. Qxf8+ Kxf8 33. Rxe2 Rxh3+ 34. Kg1 Rh5 35. Rf2+ Rf5 36. Be2 Qg5 37. Rxf5+ exf5 38. Kf2 Qe7 39. Rc1 Qxa3 40. Rc8+ Kf7 41. Rc7+ Ke8 42. Rxb7 Qb2 43. Ra7 a3 44. b6 a2 45. Rxa2 Qxb6 46. Bxg7 Qg6 47. Be5 Qh6 48. Ra6 Qh2+ 49. Ke1 h5 50. Rh6 Qh1+ 51. Kd2 f4 52. Bxf4 Qa1 53. Bxh5+ Kd8 54. Bg4 Qb2+ 55. Ke1 Qc3+ 56. Kf2 Qd2+ 57. Be2 Qb2 58. Rd6+ Ke7 59. Rxd5 Kf6 60. Rh5 Kg6 61. Rh6+ Kf7 62. g4 Kg7 63. g5 Qc2 64. Be5+ Kg8 65. g6 Kf8 66. Rh8+ 1-0

[Event "Kragero Resort Title 2024"]
[Site "Kragero"]
[Date "2024.02.23"]
[Round "5.40"]
[White "Lilliehook, Victor"]
[Black "Skramstad, Oda Kofoed"]
[Result "1-0"]
[ECO "B32"]
[WhiteElo "2042"]
[BlackElo "1780"]
[Annotator "NA RC"]
[PlyCount "67"]
[EventDate "2024.02.21"]
[EventType "swiss"]
[EventCountry "NOR"]
[SourceTitle "playchess.com"]
[Source "ChessBase"]
[SourceQuality "1"]
[TimeControl "5400+30"]

1. e4 c5 2. Nf3 Nc6 3. d4 cxd4 4. Nxd4 e5 5. Nb5 d6 6. N5c3 Nf6 7. Bg5 Qb6 8. Bb5 Nxe4 9. Be3 Nxc3 10. Nxc3 Qd8 11. Qf3 Be7 12. Bxc6+ bxc6 13. Qxc6+ Bd7 14. Qa6 f5 15. Nd5 Be6 16. O-O-O f4 17. Bd2 Rb8 18. Nxe7 Qxe7 19. Rhe1 O-O 20. Ba5 Bxa2 21. Qxd6 Qf7 22. Rxe5 Rb7 23. Bc3 Rb6 24. Qd4 Rg6 25. Bb4 Re8 26. Rxe8+ Qxe8 27. b3 h6 28. Kb2 Bxb3 29. cxb3 Kh7 30. Qxf4 Rxg2 31. Re1 Qb5 32. Qe4+ Kg8 33. Qxg2 Qxb4 34. Qa8+ 1-0

[Event "Kragero Resort Title 2024"]
[Site "Kragero"]
[Date "2024.02.23"]
[Round "5.41"]
[White "Tollefsen, Jacob"]
[Black "Roubert, Emile"]
[Result "1/2-1/2"]
[ECO "D32"]
[WhiteElo "1909"]
[BlackElo "1989"]
[Annotator "NA RC"]
[PlyCount "66"]
[EventDate "2024.02.21"]
[EventType "swiss"]
[EventCountry "NOR"]
[SourceTitle "playchess.com"]
[Source "ChessBase"]
[SourceQuality "1"]
[TimeControl "5400+30"]

1. c4 e6 2. Nf3 d5 3. e3 Nf6 4. Nc3 Be7 5. Be2 O-O 6. O-O c5 7. cxd5 exd5 8. d4 Nc6 9. dxc5 Bxc5 10. b3 a6 11. Bb2 Ba7 12. Nb1 Bg4 13. Na3 Qe7 14. Nc2 Rfd8 15. Ncd4 Ne4 16. Rc1 Nxd4 17. Bxd4 Bb8 18. h3 Bxf3 19. Bxf3 Qd6 20. Re1 Qh2+ 21. Kf1 Nxf2 22. Kxf2 Bg3+ 23. Ke2 Bxe1 24. Qxe1 Qd6 25. Qc3 h6 26. Bxg7 Rac8 27. Qxc8 Rxc8 28. Rxc8+ Kxg7 29. Rc2 a5 30. Rd2 a4 31. bxa4 Qa6+ 32. Kf2 Qxa4 33. Bxd5 Qh4+ 1/2-1/2

[Event "Kragero Resort Title 2024"]
[Site "Kragero"]
[Date "2024.02.23"]
[Round "5.42"]
[White "Abramov, Artem"]
[Black "Vasilijevic, Vili"]
[Result "0-1"]
[ECO "B90"]
[WhiteElo "1931"]
[BlackElo "1881"]
[Annotator "NA RC"]
[PlyCount "75"]
[EventDate "2024.02.21"]
[EventType "swiss"]
[EventCountry "NOR"]
[SourceTitle "playchess.com"]
[Source "ChessBase"]
[SourceQuality "1"]
[TimeControl "5400+30"]

1. e4 c5 2. Nf3 d6 3. d4 cxd4 4. Nxd4 Nf6 5. Nc3 a6 6. Rg1 e5 7. Nb3 h5 8. Bg5 Be7 9. Qd2 Be6 10. O-O-O Nbd7 11. h4 Rc8 12. Kb1 Rxc3 13. Bxf6 Rxb3 14. Bxe7 Rxb2+ 15. Kxb2 Qb6+ 16. Ka1 Kxe7 17. Rb1 Qc6 18. Bd3 Rc8 19. Qb4 b5 20. g3 a5 21. Qxb5 Qc3+ 22. Qb2 Qc5 23. c3 a4 24. Qd2 Qa3 25. Rgc1 Nc5 26. Rb2 f6 27. Bb1 Nb3+ 28. Rxb3 axb3 29. Qb2 Qa4 30. a3 Bc4 31. Rd1 Qb5 32. Qd2 Qc5 33. Kb2 Ra8 34. Kc1 Rxa3 35. f4 b2+ 36. Qxb2 Qe3+ 37. Qd2 Rxc3+ 38. Kb2 0-1

[Event "Kragero Resort Title 2024"]
[Site "Kragero"]
[Date "2024.02.23"]
[Round "5.43"]
[White "Hammari, Vinjar"]
[Black "Pedersen, Max Moe"]
[Result "1-0"]
[ECO "B52"]
[WhiteElo "1875"]
[BlackElo "2027"]
[Annotator "NA RC"]
[PlyCount "43"]
[EventDate "2024.02.21"]
[EventType "swiss"]
[EventCountry "NOR"]
[SourceTitle "playchess.com"]
[Source "ChessBase"]
[SourceQuality "1"]
[TimeControl "5400+30"]

1. e4 c5 2. Nf3 d6 3. Bb5+ Bd7 4. Bxd7+ Nxd7 5. O-O Ngf6 6. Qe2 e6 7. d4 cxd4 8. Nxd4 Be7 9. c4 Qa5 10. Nc3 Rc8 11. Be3 a6 12. Rac1 O-O 13. b3 Rfe8 14. Rfd1 d5 15. exd5 exd5 16. Nxd5 Nxd5 17. cxd5 Rxc1 18. Bxc1 Nf6 19. Nf5 Bf8 20. Qd2 Qxd5 21. Qc2 Rc8 22. Ne7+ 1-0

[Event "Kragero Resort Title 2024"]
[Site "Kragero"]
[Date "2024.02.23"]
[Round "6.25"]
[White "Adamovics, Aleksejs"]
[Black "Kanyamarala, Tarun"]
[Result "1-0"]
[ECO "A28"]
[WhiteElo "2100"]
[BlackElo "2286"]
[Annotator "RC"]
[PlyCount "71"]
[EventDate "2024.02.21"]
[EventType "swiss"]
[EventCountry "NOR"]
[SourceTitle "playchess.com"]
[Source "ChessBase"]
[SourceQuality "1"]
[TimeControl "5400+30"]

1. c4 e5 2. Nc3 Nf6 3. Nf3 Nc6 4. e4 d6 5. d4 Bg4 6. d5 Nd4 7. Be3 Nxf3+ 8. gxf3 Bd7 9. Qd2 Be7 10. Rg1 O-O 11. O-O-O Nh5 12. Kb1 f5 13. exf5 Bxf5+ 14. Ka1 a6 15. Ne4 Qd7 16. Qc3 Bh3 17. Be2 Nf4 18. Bxf4 Rxf4 19. c5 Qd8 20. Rc1 Bf5 21. cxd6 cxd6 22. Ng3 Bg6 23. Qc7 Bf6 24. a3 e4 25. fxe4 Rxf2 26. h4 Qe8 27. Rcf1 Rc8 28. Qb6 Rxf1+ 29. Rxf1 Rc2 30. Rb1 Qa4 31. Qxd6 Qb3 32. e5 Rxe2 33. Nxe2 Bxb1 34. Nc3 Bxe5 35. Qxe5 Bg6 36. h5 1-0

[Event "Kragero Resort Title 2024"]
[Site "Kragero"]
[Date "2024.02.23"]
[Round "6.26"]
[White "Carlsson, Ludvig"]
[Black "De Seroux, Camille"]
[Result "1-0"]
[ECO "B00"]
[WhiteElo "2368"]
[BlackElo "2085"]
[Annotator "RC"]
[PlyCount "121"]
[EventDate "2024.02.21"]
[EventType "swiss"]
[EventCountry "NOR"]
[SourceTitle "playchess.com"]
[Source "ChessBase"]
[SourceQuality "1"]
[TimeControl "5400+30"]

1. e4 Nc6 2. Nc3 Nf6 3. d4 d6 4. d5 Nb8 5. Be3 c6 6. Qd2 g6 7. O-O-O Bg7 8. f3 O-O 9. Bh6 cxd5 10. exd5 a6 11. h4 Re8 12. Bxg7 Kxg7 13. h5 Nbd7 14. hxg6 fxg6 15. Qh6+ Kg8 16. Nh3 Nf8 17. Ng5 Qc7 18. Nce4 Bf5 19. Bd3 Rac8 20. Kb1 Bxe4 21. Bxe4 e5 22. dxe6 Nxe4 23. Nxe4 Rxe6 24. Rd2 d5 25. Nc3 Rce8 26. Nxd5 Qc4 27. Nc3 Re1+ 28. Rd1 Rxh1 29. Rxh1 b5 30. Ne4 Qe6 31. Qd2 Rc8 32. b3 Qc6 33. c3 a5 34. Qd4 h5 35. g4 b4 36. c4 a4 37. gxh5 axb3 38. axb3 Ne6 39. Qf6 Nc5 40. Qxc6 Rxc6 41. Nxc5 Rxc5 42. hxg6 Rg5 43. Rd1 Rxg6 44. Rd8+ Kf7 45. Rb8 Rf6 46. Rxb4 Rxf3 47. Kb2 Ke6 48. Rb5 Kd6 49. Rh5 Kc6 50. Ka3 Kb6 51. Kb4 Rg3 52. Rh6+ Kb7 53. c5 Rf3 54. Ka4 Rf4+ 55. b4 Rg4 56. Kb5 Kc7 57. Rh7+ Kb8 58. c6 Rf4 59. Ka5 Rc4 60. b5 Rg4 61. Kb6 1-0

[Event "Kragero Resort Title 2024"]
[Site "Kragero"]
[Date "2024.02.23"]
[Round "6.27"]
[White "Brodtkorb, Lars Johan"]
[Black "Olde, Margareth"]
[Result "1-0"]
[ECO "D02"]
[WhiteElo "2088"]
[BlackElo "2179"]
[Annotator "RC"]
[PlyCount "143"]
[EventDate "2024.02.21"]
[EventType "swiss"]
[EventCountry "NOR"]
[SourceTitle "playchess.com"]
[Source "ChessBase"]
[SourceQuality "1"]
[TimeControl "5400+30"]

1. Nf3 d5 2. g3 Nf6 3. Bg2 c5 4. O-O Nc6 5. d4 e6 6. c3 Bd6 7. a3 b6 8. c4 O-O 9. Nc3 h6 10. cxd5 exd5 11. dxc5 Bxc5 12. b4 Be7 13. Bb2 Be6 14. Nd4 Nxd4 15. Qxd4 Rc8 16. Rfd1 Rc4 17. Qd3 Rc7 18. Nb5 Rd7 19. Nd4 Bd6 20. Rac1 Qe8 21. Nf5 Be7 22. Nxe7+ Qxe7 23. h3 Rfd8 24. Bd4 Ne8 25. g4 Nd6 26. Qg3 f5 27. f4 Ne4 28. Bxe4 dxe4 29. e3 Qf7 30. g5 hxg5 31. Qxg5 Qe7 32. Qxe7 Rxe7 33. Kf2 Kf7 34. Rg1 g6 35. Rc6 Rc8 36. Rgc1 Rxc6 37. Rxc6 Ke8 38. Bf6 Kd7 39. Rc3 Re8 40. Kg3 Rc8 41. Rxc8 Kxc8 42. Kh4 Kd7 43. Kg5 Bf7 44. Bd4 Ke6 45. Kh6 Ke7 46. Kg7 Be8 47. h4 Ke6 48. Be5 Ke7 49. Bf6+ Ke6 50. Bg5 a5 51. Bd8 axb4 52. axb4 b5 53. Bg5 Bc6 54. Kxg6 Be8+ 55. Kg7 Bh5 56. Bd8 Be8 57. Bb6 Bh5 58. Kh6 Be8 59. Kg5 Bd7 60. h5 Kf7 61. Bd4 Kg8 62. Kg6 Be8+ 63. Kxf5 Bxh5 64. Kxe4 Kf7 65. Kf5 Be2 66. e4 Bd3 67. Ke5 Bc2 68. f5 Bb1 69. Kf4 Bc2 70. e5 Bb3 71. e6+ Ke7 72. Ke5 1-0

[Event "Kragero Resort Title 2024"]
[Site "Kragero"]
[Date "2024.02.23"]
[Round "6.28"]
[White "Myagmarsuren, Evsuld"]
[Black "Amundsen, Ask"]
[Result "1/2-1/2"]
[ECO "B47"]
[WhiteElo "2142"]
[BlackElo "2026"]
[Annotator "NA RC"]
[PlyCount "148"]
[EventDate "2024.02.21"]
[EventType "swiss"]
[EventCountry "NOR"]
[SourceTitle "playchess.com"]
[Source "ChessBase"]
[SourceQuality "1"]
[TimeControl "5400+30"]

1. e4 c5 2. Nf3 e6 3. d4 cxd4 4. Nxd4 Nc6 5. Nc3 Qc7 6. g3 a6 7. Bg2 Nf6 8. O-O Nxd4 9. Qxd4 Bc5 10. Bf4 d6 11. Qd3 h6 12. Na4 {B47: Sicilian: Taimanov: 5 Nc3 Qc7 6 f4, 6 g3 and 6 Be2.} e5 13. Nxc5 dxc5 14. Be3 Be6 15. Rfd1 O-O 16. Qd6 Rac8 17. a4 Ng4 18. Qxc7 Rxc7 19. Bd2 Rd8 $14 20. Bc3 Rxd1+ 21. Rxd1 Rd7 22. Rc1 b5 23. h3 b4 24. Bxb4 cxb4 25. hxg4 Bxg4 26. Bf1 a5 27. Bb5 Rd2 28. b3 Bf3 29. Bd3 Be2 30. Bxe2 Rxe2 31. Kf1 Rxe4 32. Rd1 Rd4 33. Rc1 f6 34. c3 Rd3 35. Ke2 e4 36. cxb4 axb4 37. Rc4 Rxb3 38. Rxe4 Kf7 39. a5 Rb2+ 40. Kf3 Ra2 41. Rxb4 Rxa5 42. Kg2 h5 43. Rc4 g5 44. Rb4 Kg6 45. Rc4 Ra3 46. Rb4 Rc3 47. Ra4 Rc7 48. Rb4 Rh7 49. Ra4 h4 50. gxh4 Rxh4 51. Ra5 Rf4 52. Kg3 Rf5 53. Ra3 Rb5 54. f4 gxf4+ 55. Kxf4 Rb4+ 56. Kg3 Kg5 57. Kf3 f5 58. Kg3 Rg4+ 59. Kf2 Rh4 60. Kg2 f4 61. Kf2 Kg4 62. Kg2 Rh7 63. Kf2 Rh2+ 64. Kg1 Rb2 65. Kf1 f3 66. Ra8 Rb5 67. Kf2 Rb2+ 68. Kf1 Kg3 69. Rg8+ Kf4 70. Rf8+ Ke3 71. Re8+ Kd3 72. Rd8+ Ke3 73. Re8+ Kd3 74. Rd8+ Ke3 1/2-1/2